 Seeded DCSS version 0.29.1-13-g9f3cf754e1 (webtiles) character file.

Game seed: 16245865983455551772 (custom seed)

195 tkbsonic5 the Poker (level 5, -1/42 HPs)
             Began as a Merfolk Gladiator on Jan 26, 2023.
             Killed from afar by an orc wizard (6 damage)
             ... with a magic dart
             ... on level 3 of the Dungeon.
             The game lasted 00:07:53 (2525 turns).

tkbsonic5 the Poker (Merfolk Gladiator)             Turns: 2525, Time: 00:07:53

Health: -1/42      AC:  7    Str: 21    XL:     5   Next: 74%
Magic:  5/5        EV: 12    Int:  8    God:
Gold:   138        SH:  0    Dex: 15    Spells: 3/4 levels left

rFire   . . .      SeeInvis .   d - +8 bardiche "Miniwk" {vorpal, rElec rPois Str+4 Int-5}
rCold   . . .      Faith    .   (shield currently unavailable)
rNeg    . . .      Spirit   .   k - +0 scale mail
rPois   +          Reflect  .   c - +0 helmet
rElec   +          Harm     .   (no cloak)
rCorr   .          Rampage  .   (no gloves)
Will    .....                   (no boots)
Stlth   ..........              (no amulet)
HPRegen 0.14/turn               l - +6 ring of intelligence
MPRegen 0.09/turn               f - ring of poison resistance

@: confused, about to teleport, on berserk cooldown, slowed, studying Fire
Magic, very slow
A: (nimble swimmer 2), mertail
a: no special abilities


You were on level 3 of the Dungeon.
You visited 1 branch of the dungeon, and saw 3 of its levels.

You collected 138 gold pieces.

Inventory:

Hand Weapons
 a - a +1 trident
 d - the +8 bardiche "Miniwk" (weapon) {vorpal, rElec rPois Str+4 Int-5}
   (You acquired it on level 2 of the Dungeon)

   It inflicts extra damage upon your enemies.
   Str:       It affects your strength (+4).
   Int:       It affects your intelligence (-5).
   rElec:     It insulates you from electricity.
   rPois:     It protects you from poison.
 e - a +0 dagger of draining
Missiles
 g - 3 throwing nets (quivered)
 j - 6 poisoned darts
 o - a javelin
Armour
 b - a +0 leather armour
 c - a +0 helmet (worn)
 i - a +0 robe
 k - a +0 scale mail (worn)
Jewellery
 f - a ring of poison resistance (right hand)
 l - a +6 ring of intelligence (left hand)
 m - a +6 ring of intelligence
Wands
 p - a wand of roots (4)
Scrolls
 n - a scroll of immolation {unknown}
Potions
 h - a potion of flight


   Skills:
 * Level 3.8 Fighting
 * Level 5.6 Polearms
 * Level 2.6 Throwing
 + Level 0.6 Armour
 + Level 4.8 Dodging
 - Level 1.0 Transmutations
 - Level 0.5 Poison Magic


You had 3 spell levels left.
You knew the following spells:

 Your Spells              Type           Power      Damage    Failure   Level
a - Sting                 Tmut/Pois      4%         1d3       67%         1

Your spell library contained the following spells:

 Spells                   Type           Power      Damage    Failure   Level
 Poisonous Vapours        Pois/Air       0%         N/A       86%         2
 Olgreb's Toxic Radiance  Pois           0%         N/A       100%        4
 Chain Lightning          Conj/Air       0%         N/A       100%        9
 Fire Storm               Conj/Fire      0%         5d1       100%        9
 Shatter                  Erth           0%         3d5*      100%        9


Dungeon Overview and Level Annotations

Branches:
Dungeon (3/15)

Altars:

Shops:
D:3 [


Innate Abilities, Weirdness & Mutations

((You are very nimble when in or above water. (Stealth+, EV+, Speed+++)))
Your lower body shifts to a powerful aquatic tail in water.


Message History

Something tries to affect you, but you resist.
Something hits you but does no damage. Something hits you but does no damage.
An orc wizard comes into view. It is wielding a +0 dagger.
Something hits you but does no damage.
An orc wizard is nearby!
You reach to attack!
The orc wizard shouts!
You hit the orc wizard.
The orc wizard is heavily wounded.
Something barely misses you.
The orc wizard mumbles some strange words.
The orc wizard flickers and vanishes!
Something hits you but does no damage.
A magic dart appears from out of thin air!
The magic dart hits you but does no damage.
A magic dart appears from out of thin air!
The magic dart hits you! Something hits you.
Something hits you but does no damage.
You miss something.
You hear some strange, mumbled words.
A puff of flame appears from out of thin air!
The puff of flame misses you. Something hits you.
Something hits you but does no damage. x2
You miss something. Something hits you. Something hits you but does no damage.
Something hits you.
You hear some strange, mumbled words.
A puff of flame appears from out of thin air!
The puff of flame hits you!
* * * LOW HITPOINT WARNING * * *
Okay, then.
As you read the scroll of teleportation, it crumbles to dust.
You feel strangely unstable. Something hits you.
* * * LOW HITPOINT WARNING * * *
You hear some strange, mumbled words.
You are confused.
Something hits you but does no damage.
You hear some strange, mumbled words.
A magic dart appears from out of thin air!
The magic dart hits you.
You die...

.#.############
......{........
#@.# ##.#####{#####
.# .......)))...#
#.# ##.###.#...#.##
#.# #..#.#...# #.#
#...∩....# #.#
#..#.#...# #.#
#.#...#))#######.#
.........).......>#


There were no monsters in sight!

Vanquished Creatures
  An orc priest (D:3)
  Jessica (D:2)
  Natasha (thrice) (D:3)
  2 adders
  5 orcs (D:3)
  3 ball pythons
  2 bats
  4 endoplasms (D:1)
  2 goblins (D:1)
  6 hobgoblins
  3 kobolds
  3 quokkas (D:1)
  2 frilled lizards
  6 rats
43 creatures vanquished.

Vanquished Creatures (others)
  A plant (D:3)
1 creature vanquished.

Grand Total: 44 creatures vanquished

Notes
Turn   | Place    | Note
-------+----------+-------------------------------------------
     0 | D:1      | tkbsonic5 the Merfolk Gladiator began the quest for the
                  | Orb.
     0 | D:1      | Reached XP level 1. HP: 16/16 MP: 1/1
   278 | D:1      | Reached XP level 2. HP: 23/23 MP: 2/2
   349 | D:1      | Found a faded altar of an unknown god.
   955 | D:1      | Reached XP level 3. HP: 28/28 MP: 3/3
  1030 | D:2      | Learned a level 1 spell: Sting
  1303 | D:2      | Noticed Jessica
  1323 | D:2      | Identified 3 scrolls of acquirement
  1323 | D:2      | Acquired the +8 bardiche "Miniwk" {vorpal, rElec rPois
                  | Str+4 Int-5}
  1327 | D:2      | Acquired a manual of Fire Magic
  1330 | D:2      | Killed Jessica
  1331 | D:2      | Reached skill level 5 in Polearms
  1331 | D:2      | Reached skill level 1 in Transmutations
  1331 | D:2      | Reached XP level 4. HP: 8/30 MP: 4/4
  1384 | D:2      | Acquired a ring of poison resistance
  2025 | D:3      | Noticed Natasha
  2033 | D:3      | Killed Natasha
  2109 | D:3      | Noticed Natasha
  2115 | D:3      | Killed Natasha
  2116 | D:3      | Reached XP level 5. HP: 10/41 MP: 5/5
  2478 | D:3      | Found Ymmy Ciutu's Antique Armour Shoppe.
  2478 | D:3      | Noticed Natasha
  2481 | D:3      | Killed Natasha
  2525 | D:3      | Killed from afar by an orc wizard

Illustrated notes

Levels and vault maps discovered:
D:1:      minmay_arrival_hallway, layout_loops_corners, basic_ecumenical_altar,
          minmay_unequal
D:2:      layout_loops_ring, uniq_jessica
D:3:      layout_basic, serial_shops, nicolae_shop_advertising_works
          [nicolae_subvault_shop_adworks], minmay_shallow_snake_nest,
          uniq_natasha

Skill      XL: |  1  2  3 |
---------------+----------+-----
Fighting       | 3 |  3.8
Polearms       | 5 |  5.6
Transmutations | 1 |  1.0
Throwing       | |  2.6
Armour         | |  0.6
Dodging        | |  4.8
Poison Magic   | |  0.5

Action                   |  1- 3 |  4- 6 || total
-------------------------+-------+-------++-------
Melee: Trident           |    60 |       ||    60
       Punch             |     1 |       ||     1
       Bardiche          |     3 |    47 ||    50
Throw: Throwing net      |     6 |     3 ||     9
       Dart              |     2 |     2 ||     4
       Javelin           |     1 |     1 ||     2
  Use: Scroll            |     3 |     6 ||     9
       Potion            |     3 |     1 ||     4
 Stab: Sleeping          |     2 |       ||     2
Armor: Leather armour    |     2 |       ||     2
       Scale mail        |     9 |    25 ||    34
       Skin              |     4 |       ||     4
Dodge: Dodged            |    19 |    24 ||    43
